 Dungeon Crawl Stone Soup version 0.30.1-9-gdf580d7c3d (webtiles) character file.

Game seed: 2630073804406205951

2269 Cheops the Unhurried (level 9, 0/68 HPs)
             Began as a Naga Fire Elementalist on Oct 13, 2023.
             Was a Believer of Cheibriados.
             Slain by a gnoll sergeant
             ... wielding a +1 spear of flaming
              (1 damage)
             ... on level 8 of the Dungeon.
             The game lasted 00:38:37 (11286 turns).

Cheops the Unhurried (Naga Fire Elementalist)      Turns: 11286, Time: 00:38:38

Health: 0/68       AC:  5    Str: 15    XL:     9   Next: 38%
Magic:  1/13       EV: 15    Int: 23    God:    Cheibriados [**....]
Gold:   292        SH:  0    Dex: 16    Spells: 4/14 levels left

rFire   . . .        a - staff of conjuration
rCold   . . .        (no shield)
rNeg    . . .        H - +0 robe
rPois   +            u - +0 hat
rElec   .            w - +0 cloak
rCorr   .            (no gloves)
SInv    +            (no barding)
Will    +....        (no amulet)
Stlth   ++           r - ring of wizardry
HPRegen 0.31/turn    q - +5 ring of evasion
MPRegen 0.13/turn

%: wizardry (x1)
@: short of breath, very slow
A: AC +3, large, see invisible, deformed body, poison resistance, slowness 2,
spit poison 1, naga tail 1
a: Spit Poison, Renounce Religion, Bend Time


You were on level 8 of the Dungeon.
You worshipped Cheibriados.
Cheibriados was pleased with you.
You visited 1 branch of the dungeon, and saw 8 of its levels.

You collected 424 gold pieces.
You spent 132 gold pieces at shops.

Inventory:

Hand Weapons
 b - a +3 dagger
 p - the +3 sling of Doom {flame, rC+ Will+ Int+2 Dex-2}
   (You found it on level 3 of the Dungeon)

   Int:       It affects your intelligence (+2).
   Dex:       It affects your dexterity (-2).
   rC:        It protects you from cold.
   Will:      It increases your willpower.
 B - a +2 dagger of freezing
Armour
 u - a +0 hat (worn)
 w - a +0 cloak (worn)
 H - a +0 robe (worn)
Magical Staves
 a - a staff of conjuration (weapon)
 c - a staff of fire
Jewellery
 i - a +6 ring of dexterity
 q - a +5 ring of evasion (right hand)
 r - a ring of wizardry (left hand)
 t - a ring of protection from cold
Wands
 d - a wand of charming (7)
 o - a wand of light (10)
 J - a wand of digging (7)
Scrolls
 e - a scroll of fog
 g - 2 scrolls of silence {unknown}
 h - a scroll of magic mapping
 j - 2 scrolls of enchant armour
 k - a scroll of poison
 n - a scroll of enchant weapon
 s - 5 scrolls of teleportation
 y - 2 scrolls of vulnerability
 E - a scroll of fear
 F - a scroll of amnesia
 I - a scroll of acquirement {unknown}
Potions
 f - a potion of attraction {unknown}
 m - 2 potions of curing {unknown}
 v - a potion of magic
 x - a potion of ambrosia {unknown}
 z - 2 potions of flight {unknown}
 A - a potion of cancellation {unknown}
 C - 2 potions of degeneration {unknown}
 D - 3 potions of brilliance
 G - a potion of haste {unknown}


   Skills:
 - Level 5.0 Staves
 - Level 1.5 Dodging
 - Level 3.0 Stealth
 - Level 3.0 Spellcasting
 - Level 6.0 Conjurations
 * Level 5.5 Fire Magic
 - Level 6.0 Invocations
 - Level 5.0 Evocations


You had 4 spell levels left.
You knew the following spells:

 Your Spells              Type           Power      Damage    Failure   Level
a - Foxfire               Conj/Fire      100%       2x1d9     1%          1
b - Scorch                Fire           56%        2d7       1%          2
v - Volatile Blastmotes   Fire/Tloc      32%        2d12      4%          3
w - Flame Wave            Conj/Fire      44%        2d11      4%          4

Your spell library contained the following spells:

 Spells                   Type           Power      Damage    Failure   Level
 Momentum Strike          Conj/Tloc      50%        3d9       1%          2
 Inner Flame              Hex/Fire       16%        N/A       4%          3
 Blink                    Tloc           6%         N/A       7%          2
 Lesser Beckoning         Tloc           6%         N/A       7%          2
 Chain Lightning          Conj/Air       12%        3d16      100%        9
 Fire Storm               Conj/Fire      22%        8d6       100%        9
 Shatter                  Erth           1%         3d6*      100%        9


Dungeon Overview and Level Annotations

Branches:
Dungeon (8/15)             Temple (0/1) D:5
   Lair: D:8-11

Altars:
Ashenzari
Cheibriados
Elyvilon
Fedhas
Hepliaklqana
Makhleb
Okawaru
Qazlal
Sif Muna
Uskayaw
Vehumet
Wu Jian
Xom
Yredelemnul

Shops:
D:5 ?


Innate Abilities, Weirdness & Mutations

Your serpentine skin is tough. (AC +3)
You have supernaturally acute eyesight. (SInv)
Armour fits poorly on your strangely shaped body.
Your system is resistant to poisons. (rPois)
You cover ground very slowly.
You can spit poison.
You have a snake-like lower body.


Message History

You hit the gnoll sergeant but do no damage.
You blast the gnoll sergeant.
The gnoll sergeant is moderately wounded.
The gnoll sergeant hits you with a +1 spear of flaming.
* * * LOW HITPOINT WARNING * * *
The gnoll sergeant burns you.
* * * LOW HITPOINT WARNING * * *
You feel much better. The gnoll sergeant closely misses you.
Aiming: Spit Poison (1% risk of failure)
Press: ? - help, Shift-Dir - straight line, f - gnoll sergeant
Aim: a gnoll sergeant, wielding a +1 spear of flaming and wearing a +0 scale mail (moderately wounded, 74% to hit)
The splash of poison hits the gnoll sergeant but does no damage.
The gnoll sergeant is poisoned.
The gnoll sergeant is moderately wounded.
The gnoll sergeant hits you with a +1 spear of flaming.
* * * LOW HITPOINT WARNING * * *
The gnoll sergeant burns you.
* * * LOW HITPOINT WARNING * * *
You hit the gnoll sergeant.
The gnoll sergeant is heavily wounded.
The gnoll sergeant hits you with a +1 spear of flaming!
* * * LOW HITPOINT WARNING * * *
The gnoll sergeant burns you.
* * * LOW HITPOINT WARNING * * *
You hit the gnoll sergeant but do no damage.
You blast the gnoll sergeant.
The gnoll sergeant is severely wounded.
The gnoll sergeant hits you with a +1 spear of flaming!
* * * LOW HITPOINT WARNING * * *
The gnoll sergeant burns you.
* * * LOW HITPOINT WARNING * * *
Casting: Foxfire (safe; 1% risk of failure)
Confirm with . or Enter, or press ? or * to list all spells.
Flames lash the gnoll sergeant.
The gnoll sergeant is almost dead.
The gnoll sergeant's fire resistance burns away.
The gnoll sergeant hits you with a +1 spear of flaming.
* * * LOW HITPOINT WARNING * * *
The gnoll sergeant burns you.
You die...

##.#.............#
##.#........##.)##
#....###....###)).
#....# ##.....#.##
###....####.......##
#........##..####...
##........##.#####...
#....)..........##...
#...@).............>.
##..g.......##.#.....
###)).....## ####...
#...##.## ...
.........# .
......#.## ......#..
.....#.


You could see a gnoll sergeant (poisoned, combustible).

Vanquished Creatures
  Joseph (D:7)
  A water moccasin (D:7)
  An orc warrior (D:7)
  4 centaurs
  4 bullfrogs
  A gnoll sergeant (D:8)
  4 scorpions
  3 wights (D:7)
  A crimson imp (D:7)
  3 jellies
  3 hounds
  4 iguanas
  3 orc wizards
  A sleepcap (D:6)
  9 gnolls
  9 adders
  2 worms (D:2)
  2 dart slugs (D:3)
  22 orcs
  3 ball pythons
  7 bats
  12 endoplasms
  11 goblins
  8 hobgoblins
  6 jackals
  A quokka (D:3)
  5 frilled lizards
  10 kobolds
  9 rats
150 creatures vanquished.

Vanquished Creatures (collateral kills)
  A kobold brigand (D:8)
  3 kobolds (D:8)
  2 foxfires (D:3)
6 creatures vanquished.

Vanquished Creatures (others)
  2 orcs (D:7)
  404 foxfires
406 creatures vanquished.

Grand Total: 562 creatures vanquished

Notes
Turn   | Place    | Note
-------+----------+-------------------------------------------
     0 | D:1      | Cheops the Naga Fire Elementalist began the quest for the
                  | Orb.
     0 | D:1      | Reached XP level 1. HP: 15/15 MP: 3/3
   220 | D:1      | Reached XP level 2. HP: 22/22 MP: 1/5
  1032 | D:1      | Reached XP level 3. HP: 28/28 MP: 2/7
  1051 | D:1      | Learned a level 2 spell: Scorch
  1439 | D:2      | Reached skill level 1 in Staves
  1442 | D:2      | Reached skill level 1 in Evocations
  2198 | D:3      | Reached XP level 4. HP: 36/36 MP: 2/8
  2316 | D:3      | Found a blossoming altar of Fedhas.
  2317 | D:3      | Found a stormy altar of Qazlal.
  2448 | D:3      | Learned a level 4 spell: Flame Wave
  2617 | D:3      | Reached XP level 5. HP: 42/42 MP: 7/9
  2666 | D:3      | Identified the +3 sling of Doom {flame, rC+ Will+ Int+2
                  | Dex-2}
  3125 | D:3      | Learned a level 3 spell: Volatile Blastmotes
  3419 | D:3      | Reached XP level 6. HP: 36/49 MP: 5/10
  4975 | D:3      | Found a blossoming altar of Fedhas.
  5016 | D:3      | Found a stormy altar of Qazlal.
  5915 | D:4      | Found a shimmering altar of Xom.
  5923 | D:4      | Found a hide-covered altar of Uskayaw.
  6133 | D:4      | Found a snail-covered altar of Cheibriados.
  6133 | D:4      | Found a white marble altar of Elyvilon.
  6196 | D:4      | Became a worshipper of Cheibriados the Contemplative
  6218 | D:5      | Entered Level 5 of the Dungeon
  6358 | D:5      | Found a staircase to the Ecumenical Temple.
  6572 | D:5      | Reached XP level 7. HP: 52/55 MP: 1/11
  6765 | D:5      | Found Fassannei's Magic Scroll Shop.
  6775 | D:5      | Bought a scroll of teleportation for 36 gold pieces
  6775 | D:5      | Bought a scroll of fear for 48 gold pieces
  6775 | D:5      | Bought a scroll of amnesia for 48 gold pieces
  6913 | D:5      | Reached * piety under Cheibriados
  6998 | D:5      | Found an iron altar of Okawaru.
  7488 | D:6      | Found a basalt altar of Yredelemnul.
  7488 | D:6      | Found a shimmering blue altar of Sif Muna.
  7489 | D:6      | Found a broken altar of Ashenzari.
  7516 | D:6      | Reached skill level 5 in Fire Magic
  7675 | D:6      | Found a hazy altar of Hepliaklqana.
  7878 | D:6      | Reached skill level 1 in Invocations
  7878 | D:6      | Reached XP level 8. HP: 54/62 MP: 4/12
  8135 | D:6      | Found an ornate altar of the Wu Jian Council.
  8247 | D:5      | Found a staircase to the Ecumenical Temple.
  8319 | D:5      | Found an iron altar of Okawaru.
  8624 | D:5      | Found Fassannei's Magic Scroll Shop.
  8883 | D:6      | Found a basalt altar of Yredelemnul.
  8883 | D:6      | Found a broken altar of Ashenzari.
  8884 | D:6      | Found a shimmering blue altar of Sif Muna.
  9067 | D:6      | Found a hazy altar of Hepliaklqana.
  9117 | D:6      | Found an ornate altar of the Wu Jian Council.
  9295 | D:7      | Noticed Joseph
  9483 | D:7      | Reached skill level 5 in Invocations
  9686 | D:7      | Killed Joseph
  9687 | D:7      | Reached skill level 5 in Conjurations
  9687 | D:7      | Reached XP level 9. HP: 50/68 MP: 5/13
 10280 | D:7      | Found a radiant altar of Vehumet.
 10292 | D:7      | Found a burning altar of Makhleb.
 10966 | D:7      | Found a radiant altar of Vehumet.
 10967 | D:7      | Found a burning altar of Makhleb.
 11083 | D:8      | Reached skill level 5 in Staves
 11083 | D:8      | Reached skill level 5 in Evocations
 11094 | D:8      | Reached ** piety under Cheibriados
 11285 | D:8      | HP: 1/68 [gnoll sergeant/+1 spear of flaming (4)]
 11286 | D:8      | Slain by a gnoll sergeant

Illustrated notes

Levels and vault maps discovered:
D:1:      dpeg_arrival_solitude, layout_loops_corners
D:2:      layout_rooms, kennysheep_big_empty_room
D:3:      cheibrodos_fertilizer, layout_loops_ring,
          grunt_temple_overflow_forces_of_nature, minmay_divided_ellipse
D:4:      layout_gridville, overflow_temple_1_default,
          mainiacjoe_overflow_concentric_impassable,
          gammafunk_temple_overflow_pools
D:5:      layout_loops_ring, okawaru_trees_2, minmay_temple_entry_large_hall,
          serial_shops, nicolae_lakefront_shop, corexii_checkpoint_a,
          corexii_checkpoint_a
D:6:      layout_rooms, pdpol_wu_jian_five_deadly_venoms,
          nicolae_hepliaklqana_hazy_memory, gammafunk_temple_overflow_claw
D:7:      layout_cave_pools, grunt_temple_overflow_lords_of_destruction,
          chequers_mini_garden, uniq_joseph
D:8:      layout_cave_pools, serial_park_tiny_1

Skill      XL: |  1  2  3  4  5  6  7  8  9 |
---------------+----------------------------+-----
Staves         | 1 2 3 4 5 |  5.0
Evocations     | 1 2 3 4 5 |  5.0
Spellcasting   | 3 |  3.0
Conjurations   | 2 3 4 5 6 |  6.0
Fire Magic     | 4 5 |  5.5
Invocations    | 1 6 |  6.0
Dodging        | |  1.5
Stealth        | |  3.0

Action                     |  1- 3 |  4- 6 |  7- 9 || total
---------------------------+-------+-------+-------++-------
  Melee: Staff             |     4 |    25 |    35 ||    64
   Cast: Foxfire           |    64 |   102 |    70 ||   236
         Scorch            |     1 |     9 |    45 ||    55
         Flame Wave        |       |       |     3 ||     3
Ability: Spit Poison       |       |     3 |     2 ||     5
  Evoke: Wand              |       |       |     4 ||     4
    Use: Scroll            |     3 |     4 |     1 ||     8
         Potion            |       |       |     4 ||     4
 Armour: Robe              |     2 |     4 |    18 ||    24
  Dodge: Dodged            |     3 |    34 |   116 ||   153
